 Dungeon Crawl Stone Soup version 0.28.0-53-g5a82cb258f (console) character file.

Game seed: 12640210678392260931

29 Faeu the Firebug (level 3, -18/26 HPs)
             Began as a Hill Orc Fire Elementalist on May 25, 2022.
             Was an Initiate of Beogh.
             Blown up by Ijyb (19 damage)
             ... with a mindburst bolt
             ... on level 3 of the Dungeon.
             The game lasted 00:06:14 (1641 turns).

Faeu the Firebug (Hill Orc Fire Elementalist)       Turns: 1641, Time: 00:06:15

Health: -18/26     AC:  3    Str: 12    XL:     3   Next: 16%
Magic:  0/5        EV: 12    Int: 15    God:    Beogh [......]
Gold:   33         SH:  0    Dex: 11    Spells: 4/5 levels left

rFire   . . .      SeeInvis .   i - +0 short sword {short}
rCold   . . .      Faith    .   (no shield)
rNeg    . . .      Spirit   .   a - +0 robe
rPois   .          Reflect  .   (no helmet)
rElec   .          Harm     .   (no cloak)
rCorr   .          Rampage  .   (no gloves)
Will    .....                   k - +0 pair of boots
Stlth   ++........              (no amulet)
HPRegen 0.08/turn               (no ring)
MPRegen 0.09/turn               (no ring)

@: no status effects
A: no striking features
a: Renounce Religion


You were on level 3 of the Dungeon.
You worshipped Beogh.
Beogh was noncommittal.
You visited 1 branch of the dungeon, and saw 3 of its levels.

You collected 33 gold pieces.


   Skills:
 - Level 1.5 Dodging
 - Level 1.5 Stealth
 - Level 1.5 Spellcasting
 - Level 1.0 Conjurations
 + Level 4.6 Fire Magic


You had 4 spell levels left.
You knew the following spells:

 Your Spells              Type           Power      Damage    Failure   Level
a - Foxfire               Conj/Fire      36%        2x1d5     8%          1

Your spell library contained the following spells:

 Spells                   Type           Power      Damage    Failure   Level
 Scorch                   Fire           30%        2d7       5%          2
 Conjure Flame            Conj/Fire      9%         6-21      22%         3
 Inner Flame              Hex/Fire       8%         N/A       26%         3
 Sublimation of Blood     Necr           1%         N/A       34%         2
 Wereblood                Tmut           1%         N/A       34%         2
 Flame Wave               Conj/Fire      9%         2d5       58%         4
 Summon Hydra             Summ           0%         N/A       100%        7

Inventory:

Hand Weapons
 c - a +0 dagger {short}
   (You took it off a goblin on level 1 of the Dungeon)
 i - a +0 short sword (weapon) {short}
   (You took it off a kobold on level 1 of the Dungeon)
Missiles
 b - 6 poisoned darts {throwing}
 g - 49 stones {throwing}
 h - 14 sling bullets
Armour
 a - a +0 robe (worn)
 k - a +0 pair of boots (worn)
   (You found it on level 1 of the Dungeon)
Scrolls
 d - a scroll of amnesia {unknown}
 e - a scroll of identify {unknown}
 f - a scroll of magic mapping {unknown}
Potions
 j - a potion of attraction {unknown}
 l - a potion of curing {unknown}

Dungeon Overview and Level Annotations

Branches:
Dungeon (3/15)

Altars:

Annotations:
D:3 Ijyb

.# #######+#.# #.........#
#+ #.........#
..#####o.o......# #
#........o.... .#
#..........# ..# .
#......o<..###...# ..
###.....o........>..
...###...................
.........@...............
.........................
.##..g.ยงยง.#...........#.#
+.......#.......#####
#.......#.......#
..........#......[#
###+####..........#
#.########## #.# #.#


You could see Ijyb, 2 neutral orc priests and 3 neutral orcs.


Message History

You now have 33 gold pieces (gained 9). ๐Ÿ˜Ž MP[+1]
Things that are here:
a +0 dagger {short}; a kobold corpse Magic restored.
A gnoll comes into view. It is wielding a +0 whip. ๐Ÿ˜Ž MP[+1]
Your mp is fully restored (5).
You conjure some foxfire!
The gnoll shouts! ๐Ÿ˜Ž MP[-1]
You lost 1 mp, and now have 4/5 mp.
The foxfire hits the gnoll. x2
You miscast Foxfire.
You are very lightly contaminated with residual magic.
Nothing appears to happen. ๐Ÿ˜Ž MP[-1]
You lost 1 mp, and now have 3/5 mp.
You conjure some foxfire! ๐Ÿ˜Ž MP[-1]
You lost 1 mp, and now have 2/5 mp.
You conjure some foxfire!
The foxfire hits the gnoll but does no damage.
The foxfire hits the gnoll.
A gnoll comes into view. It is wielding a +0 spear.
A gnoll comes into view. It is wielding a +0 flail. ๐Ÿ˜Ž MP[-1]
You lost 1 mp, and now have 1/5 mp.
The foxfire hits the gnoll but does no damage.
Your magical contamination has completely faded away. ๐Ÿ˜Ž MP[+1] Unknown command. ๐Ÿ˜Ž MP[+1]
Things that are here:
a +0 dagger {short}; a kobold corpse The gnoll shouts!
A gnoll comes into view.
It is wielding a +0 spear. ๐Ÿ˜Ž MP[+1] ๐Ÿ˜Ž MP[+1]
Your mp is fully restored (5).
There is a stone staircase leading down here.
You climb downwards.
There is a stone staircase leading up here.
An orc priest comes into view. It is wielding a +0 dagger.
The orc shouts!
The orc priest shouts, "Join the one true god or die!" (press Y on the ability menu to convert to Beogh)
The orc priest shouts!
You bow before the missionary of Beogh.
Beogh welcomes you!
With a roar of approval, the orcs welcome you as one of their own, and spare your life.
The giant cockroach closely misses you.
You hit the giant cockroach.
You punch the giant cockroach, but do no damage.
The giant cockroach bites you but does no damage.
You barely miss the giant cockroach.
The giant cockroach barely misses you. x2
You barely miss the giant cockroach.
The giant cockroach completely misses you.
You hit the giant cockroach.
You kill the giant cockroach!
Beogh accepts your kill.
You swap places.
Ijyb the Twisted Goblin comes into view.
She is wielding a +0 club and carrying a wand of mindburst (10).
Ijyb shouts!
You conjure some foxfire!
Ijyb screams, "Me very upset!" ๐Ÿ˜Ž MP[-1]
You lost 1 mp, and now have 4/5 mp.
You conjure some foxfire!
Ijyb zaps a wand.
Your mind is blasted! ๐Ÿ˜• HP[-4] MP[-1]
You take 4 damage, and now have 22/26 hp.
You lost 1 mp, and now have 3/5 mp.
You conjure some foxfire!
The foxfire hits Ijyb but does no damage. ๐Ÿ˜• MP[-1]
You lost 1 mp, and now have 2/5 mp.
You conjure some foxfire!
The foxfire hits Ijyb but does no damage. x2 ๐Ÿ˜• MP[-1]
You lost 1 mp, and now have 1/5 mp.
You conjure some foxfire!
The foxfire hits Ijyb but does no damage. x2 ๐Ÿ˜• MP[-1]
You lost 1 mp, and now have 0/5 mp.
You are too depleted to draw on your mana recklessly!
The foxfire hits Ijyb but does no damage. x2
Ijyb zaps a wand.
Your mind is blasted!
Ouch! That really hurt!
* * * LOW HITPOINT WARNING * * *
๐Ÿ˜ฑ HP[-21]
You take 21 damage, and now have 1/26 hp.
MASSIVE DAMAGE!! (PAUSE)
Okay, then.
Ijyb zaps a wand.
Your mind is blasted!
Ouch! That really hurt!
You die...

Skill      XL: |  1  2 |
---------------+-------+-----
Fire Magic     | 4 |  4.6
Dodging        | |  1.5
Stealth        | |  1.5
Spellcasting   | |  1.5
Conjurations   | |  1.0

Action                   || total
-------------------------++-------
Melee: Unarmed           ||    17
       Short sword       ||    36
       Punch             ||     1
 Cast: Foxfire           ||    37
Invok: Convert to Beogh  ||     1
Armor: Robe              ||    30
Dodge: Dodged            ||    48

Levels and vault maps discovered:
D:1:      psy_arrival_terrarium, layout_basic, serial_glass, glass_columns_a,
          glass_columns_c, minmay_small_reverse_x
D:2:      layout_basic, kennysheep_cross_bottleneck, minmay_vboxes
D:3:      layout_basic, marbit_many_paths, dreamdust_ecumenical_altar_grove,
          minmay_fountain_box, kennysheep_another_room, uniq_ijyb

Notes
Turn   | Place    | Note
-------+----------+-------------------------------------------
     0 | D:1      | Faeu the Hill Orc Fire Elementalist began the quest for the
                  | Orb.
     0 | D:1      | Reached XP level 1. HP: 14/14 MP: 3/3
     0 | D:1      | magus.rc [v1.9.6]
   254 | D:1      | Reached XP level 2. HP: 20/20 MP: 2/4
   381 | D:1      | Reached skill level 4 in Fire Magic
   442 | D:1      | You pick up a book of Blood and begin reading...
   442 | D:1      | You add the spells Sublimation of Blood, Wereblood and
                  | Summon Hydra to your library.
  1179 | D:1      | Reached XP level 3. HP: 16/26 MP: 5/5
  1616 | D:3      | Became a worshipper of Beogh the Brigand
  1632 | D:3      | Noticed Ijyb
  1640 | D:3      | HP: 1/26 [disintegration (21)]
  1641 | D:3      | Blown up by Ijyb

Vanquished Creatures
  A dart slug (D:1)
  4 endoplasms (D:1)
  2 giant cockroaches
  A goblin (D:1)
  2 hobgoblins (D:1)
  2 jackals (D:1)
  2 kobolds
  A quokka (D:1)
  2 ball pythons (D:1)
  3 bats (D:1)
  A frilled lizard (D:1)
  3 rats (D:1)
24 creatures vanquished.

Vanquished Creatures (others)
  57 foxfires
57 creatures vanquished.

Grand Total: 81 creatures vanquished

Table legend:
 A = Non-vault XP
 B = Vault XP
 C = Vault XP percentage of total XP
 D = Non-vault monster count
 E = Vault monster count
 F = Vault count percentage of total count
                 A         B        C        D         E       F
            +---------+---------+-------+---------+---------+-------
      Total |      34 |       8 |  19.0 |      20 |       4 |  16.7
            +---------+---------+-------+---------+---------+-------
        D:1 |      30 |       8 |  21.1 |      18 |       4 |  18.2
        D:2 |       2 |       0 |   0.0 |       1 |       0 |   0.0
        D:3 |       2 |       0 |   0.0 |       1 |       0 |   0.0
            +---------+---------+-------+---------+---------+-------

Illustrated notes

Table legend:
 A = Kills in this place as a percentage of kills in entire the game.
 B = Kills by you in this place as a percentage of kills by you in the entire game.
 C = Kills by friends in this place as a percentage of kills by friends in the entire game.
 D = Other kills in this place as a percentage of other kills in the entire game.
 E = Experience gained in this place as a percentage of experience gained in the entire game.
 F = Experience gained in this place divided by the number of levels of this place that you have seen.
                   A       B       C       D       E      F
               +-------+-------+-------+-------+-------+----------------------
         Total | 100.0 | 100.0 |   N/A |   N/A | 100.0 |  14.0
       Dungeon | 100.0 | 100.0 |   N/A |   N/A | 100.0 |  14.0
               +-------+-------+-------+-------+-------+----------------------

Table legend: (Time is in decaauts)
 A = Elapsed time spent in this place.
 B = Non-inter-level travel time spent in this place.
 C = Inter-level travel time spent in this place.
 D = Time resting spent in this place.
 E = Time spent auto-exploring this place.
 F = Levels seen in this place.
 G = Mean time per level.
                   A        B        C        D        E       F      G
               +--------+--------+--------+--------+--------+-----+--------+
         Total |   1643 |   1619 |     24 |      0 |    859 |   3 |  547.7 |
       Dungeon |   1643 |   1619 |     24 |      0 |    859 |   3 |  547.7 |
               +--------+--------+--------+--------+--------+-----+--------+

Top non-repeatable levels by time:
     D:1: 1372 daAuts
     D:2: 243 daAuts
     D:3: 27 daAuts
